 Dungeon Crawl Stone Soup version 0.17-a0-1210-g1e4f09d (webtiles) character file.

109 tamere the Ducker (level 4, -8/67 HPs)
             Began as a Troll Berserker on June 3, 2015.
             Was a Believer of Trog.
             Mangled by an ogre
             ... wielding a +0 giant club
              (26 damage)
             ... on level 3 of the Dungeon.
             The game lasted 00:11:08 (877 turns).

tamere the Ducker (Troll Berserker)                  Turns: 877, Time: 00:11:08

Health: -8/67      AC:  5    Str: 31    XL:     4   Next: 59%
Magic:  3/3        EV: 10    Int:  3    God:    Trog [**....]
Gold:   116        SH:  0    Dex:  9    Spells: 0 memorised, 3 levels left

rFire  . . .     SeeInvis .     a - +0 mace
rCold  . . .     Clarity  .     b - +0 animal skin
rNeg   . . .     SustAt   .     (no shield)
rPois  .         Gourm    +     (helmet restricted)
rElec  .         Spirit   .     (no cloak)
rCorr  .         Warding  .     (gloves unavailable)
rMut   .         Stasis   .     (boots unavailable)
MR     .....                    (no amulet)
Stlth  ..........               (no ring)
                                (no ring)

@: berserking, very quick, not resistant to hostile enchantments, extremely
unstealthy
A: unfitting armour, claws 3, fast metabolism 3, gourmand, regeneration 2,
shaggy fur 1, tough skin 2
a: Burn Spellbooks, Berserk, Trog's Hand, Renounce Religion


You were on level 3 of the Dungeon.
You worshipped Trog.
Trog was pleased with you.
You were not hungry.

You visited 1 branch of the dungeon, and saw 3 of its levels.

You collected 116 gold pieces.

Inventory:

Hand weapons
 a - a +0 mace (weapon)
 d - a +0 club
 g - a +0 whip
 i - a +0 whip
 k - a +0 spear
 l - a +0 dagger
 o - a +0 club
 s - a +0 club
 t - a +0 whip
 w - a +0 mace
 y - a +0 dagger
 z - a +0 hunting sling
 A - a +0 club
 B - a +0 club
Missiles
 e - 82 stones (quivered)
 v - 11 arrows
 x - 13 poisoned needles
Armour
 b - a +0 animal skin (worn)
 u - a +0 robe
Scrolls
 j - a scroll of magic mapping {unknown}
Potions
 n - a potion of brilliance {unknown}
 q - 2 potions of curing
Comestibles
 c - 3 bread rations
 f - 5 chunks of flesh
 h - a meat ration
 p - a slice of pizza
 r - 3 fruits


   Skills:
 + Level 3.0 Fighting
 + Level 3.1 Maces & Flails
 + Level 0.1 Throwing
 + Level 3.5 Dodging
 + Level 1.2 Unarmed Combat


You had 3 spell levels left.
You didn't know any spells.

Dungeon Overview and Level Annotations

Branches:
Dungeon (3/15)

Altars:
Qazlal
The Shining One


Innate Abilities, Weirdness & Mutations

You are too large for most types of armour.
You have claws for hands.
Your metabolism is lightning-fast.
You like to eat raw meat.
You heal very quickly.
You are covered in fur (AC +1).
You have very tough skin (AC +2).


Message History

Trog accepts your kill.
You see here a bat corpse.
You butcher the bat corpse.
f - 4 chunks of flesh (gained 1)
You see here an adder corpse.
You butcher the adder corpse.
f - 6 chunks of flesh (gained 2)
An ogre comes into view. It is wielding a giant club.
Eat one of 6 chunks of flesh? (ye/n/q/i?) This raw flesh tastes great.
You continue eating.
The ogre hits you with a giant club!!
You continue eating.
The ogre hits you with a giant club!
* * * LOW HITPOINT WARNING * * *
Use which ability? (? or * to list)
A red film seems to cover your vision as you go berserk!
You feel yourself moving faster!
You feel mighty!
You feel somewhat more hungry. The ogre hits you with a giant club!!
You die...

......'.....'..((..............##
#######.....##################..#
#.....# ##.# #.....# #.# #.....#
#.# ################# # #.#
#......# #......# #.. #.#
###......###......#######....##..
..'......'.'....@O...............
###......###......##############.
#......# #......# ## ########
#......# # #......# # #......# #
#......# # ########


You could see an ogre.

Vanquished Creatures
  Jessica (D:2)
  4 adders
  A gnoll (D:1)
  An ooze (D:1)
  A giant cockroach (D:1)
  3 goblins
  4 hobgoblins
  8 bats
  A giant gecko (D:1)
  6 kobolds
  4 rats
34 creatures vanquished.

Notes
Turn   | Place    | Note
--------------------------------------------------------------
     0 | D:1      | tamere the Troll Berserker began the quest for the Orb.
     0 | D:1      | Reached XP level 1. HP: 22/22 MP: 0/0
    55 | D:1      | Reached XP level 2. HP: 23/29 MP: 1/1
   276 | D:2      | Reached skill level 3 in Dodging
   328 | D:2      | Found a glowing golden altar of the Shining One.
   355 | D:2      | Reached XP level 3. HP: 31/36 MP: 2/2
   383 | D:2      | Found a stormy altar of Qazlal.
   423 | D:2      | Noticed Jessica
   434 | D:2      | Killed Jessica
   434 | D:2      | Reached skill level 1 in Unarmed Combat
   434 | D:2      | Reached XP level 4. HP: 44/44 MP: 3/3
   657 | D:3      | Acquired Trog's second power
   870 | D:3      | Noticed an ogre
   877 | D:3      | Mangled by an ogre

Vault maps used:
D:1:      dpeg_arrival_rhombi
D:2:      tso_metal_star, overflow_temple_1_default, hangedman_decor_points,
          grunt_qazlal_sundering, uniq_jessica
D:3:      overflow_temple_1_default, first_bread

Action                   |  1- 3 |  4- 6 || total
-------------------------+-------+-------++-------
Melee: Unarmed           |    53 |    14 ||    67
       Mace              |       |    38 ||    38
Throw: Stone             |       |     2 ||     2
Invok: Berserk           |     1 |     1 ||     2
       Trog's Hand       |       |     1 ||     1
  Use: Potion            |     1 |       ||     1
  Eat: Chunk             |     2 |     5 ||     7
